 Dungeon Crawl Stone Soup version 0.27.1 (webtiles) character file.

Game seed: 3519528658992767572

85 speeev33 the Skirmisher (level 4, -2/41 HPs)
             Began as a Hill Orc Fighter on Aug 29, 2021.
             Slain by Natasha (3 damage)
             ... on level 2 of the Dungeon.
             The game lasted 00:02:10 (1771 turns).

speeev33 the Skirmisher (Hill Orc Fighter)          Turns: 1771, Time: 00:02:10

Health: -2/41      AC:  6    Str: 19    XL:     4   Next: 48%
Magic:  4/4        EV:  7    Int:  8    God:
Gold:   98         SH:  9    Dex: 10    Spells: 3/3 levels left

rFire    . . .     SeeInvis .   a - +0 war axe
rCold    . . .     Faith    .   c - +0 kite shield
rNeg     . . .     Spirit   .   b - +0 scale mail
rPois    .         Reflect  .   (no helmet)
rElec    .         Harm     .   g - scarf {repulsion}
rCorr    .         Rampage  .   (no gloves)
Will     .....                  (no boots)
Stlth    ..........             (no amulet)
HPRegen  0.13/turn              (no ring)
MPRegen  0.09/turn              (no ring)

@: slowed, repel missiles, very slow
A: no striking features
a: no special abilities


You were on level 2 of the Dungeon.
You visited 1 branch of the dungeon, and saw 2 of its levels.

You collected 98 gold pieces.

Inventory:

Hand Weapons
 a - a +0 war axe (weapon)
Missiles
 k - 28 poisoned darts (quivered)
Armour
 b - a +0 scale mail (worn)
 c - a +0 kite shield (worn)
 g - a scarf of repulsion (worn)
Scrolls
 i - a scroll of identify {unknown}
Potions
 d - a potion of might
 e - a potion of degeneration {unknown}
 f - a potion of invisibility {unknown}
 h - a potion of berserk rage {unknown}
 j - a potion of heal wounds {unknown}
 l - a potion of haste {unknown}
 m - a potion of brilliance {unknown}


   Skills:
 + Level 4.6 Fighting
 + Level 4.1 Axes
 - Level 3.2 Armour
 + Level 4.2 Shields


You had 3 spell levels left.
You didn't know any spells.
Your spell library was empty.

Dungeon Overview and Level Annotations

Branches:
Dungeon (2/15)

Altars:
Xom

Annotations:
D:2 Natasha


Message History

You are too injured to fight recklessly!
You are too injured to fight recklessly!
You are too injured to fight recklessly!
You are too injured to fight recklessly!
Natasha is nearby!
You are too injured to fight recklessly!
Sorry, you're not good enough to have a special ability.
A frilled lizard comes into view.
The frilled lizard hisses angrily.
Natasha howls an incantation.
You feel troubled. Natasha claws you but does no damage.
You slash Natasha!
Natasha is heavily wounded.
Natasha casts a spell.
Natasha barely misses you.
You barely miss Natasha.
Natasha is heavily wounded.
You barely miss the crimson imp. Natasha casts a spell at you.
You feel yourself slow down. The crimson imp hits you.
You miss Natasha.
Natasha is heavily wounded.
You hit the crimson imp but do no damage.
You block Natasha's attack. The crimson imp barely misses you.
Natasha claws you. The crimson imp closely misses you.
You hit Natasha but do no damage.
Natasha is heavily wounded.
You closely miss the crimson imp. Natasha completely misses you.
The crimson imp blinks!
You block Natasha's attack. x2
You barely miss Natasha.
Natasha is heavily wounded.
Natasha claws you. Natasha claws you!
* * * LOW HITPOINT WARNING * * *
You miss Natasha.
Natasha is heavily wounded.
The crimson imp blinks!
Natasha claws you!
* * * LOW HITPOINT WARNING * * *
Natasha claws you.
You die...

#.##.### #.#*#.#*****,#..*
#..### #......# #.# #.#
*,#..###...(. ####.#.# #.# #.#
*,........... #.#.# #.# #.#
*.#..####.### #.#.# #)# #.#
*,#..####.#..
#.#.###.###.######.#...^.....#
#.........5...ยง........###.###
###.####......####.##*,* #....
#..........@hl.....,,* #####
#########.######.##***
#...,,,,,* #####*****


You could see Natasha, a crimson imp (summoned) and a frilled lizard.

Vanquished Creatures
  Natasha (D:2)
  2 worms (D:2)
  4 dart slugs
  3 ball pythons (D:1)
  6 bats
  3 endoplasms (D:1)
  2 giant cockroaches
  3 hobgoblins (D:1)
  5 jackals (D:2)
  5 kobolds
  A quokka (D:2)
  5 frilled lizards
  2 goblins
  3 rats (D:1)
45 creatures vanquished.

Notes
Turn   | Place    | Note
-------+----------+-------------------------------------------
     0 | D:1      | speeev33 the Hill Orc Fighter began the quest for the Orb.
     0 | D:1      | Reached XP level 1. HP: 19/19 MP: 1/1
   171 | D:1      | Reached XP level 2. HP: 27/27 MP: 2/2
   766 | D:1      | Reached XP level 3. HP: 33/33 MP: 3/3
  1072 | D:2      | Noticed Natasha
  1085 | D:2      | Killed Natasha
  1086 | D:2      | Reached XP level 4. HP: 7/41 MP: 4/4
  1379 | D:2      | Found a shimmering altar of Xom.
  1760 | D:2      | Noticed Natasha
  1771 | D:2      | HP: 1/41 [Natasha (8)]
  1771 | D:2      | Slain by Natasha

Illustrated notes

Levels and vault maps discovered:
D:1:      lightli_arrival_lavapool, layout_basic
D:2:      layout_loops_ring, basic_altar, uniq_natasha

Skill      XL: |  1  2  3  4 |
---------------+-------------+-----
Axes           | 3 4 |  4.1
Fighting       | 4 |  4.6
Shields        | 4 |  4.2
Armour         | |  3.2

Action                   |  1- 3 |  4- 6 || total
-------------------------+-------+-------++-------
Melee: War axe           |    77 |    33 ||   110
  Use: Scroll            |     3 |       ||     3
       Potion            |     1 |       ||     1
Armor: Scale mail        |    39 |     5 ||    44
Dodge: Dodged            |    34 |    14 ||    48
       Repelled          |     1 |       ||     1
Block: Kite shield       |    48 |    16 ||    64
